 Dungeon Crawl Stone Soup version 0.20-a0-1116-gaa52201 (webtiles) character file.

17892 JIHADGIANT the Fighter (level 12, -1/184 HPs)
             Began as a Kobold Assassin on May 6, 2017.
             Was an Elder of Makhleb.
             Slain by a redback (9 damage)
             ... on level 12 of the Dungeon on May 7, 2017.
             The game lasted 03:09:22 (22846 turns).

JIHADGIANT the Fighter (Kobold Assassin)           Turns: 22846, Time: 03:09:22

Health: -1/184     AC: 26    Str: 18    XL:     12   Next: 88%
Magic:  18/18      EV:  3    Int: 12    God:    Makhleb [****..]
Gold:   691        SH:  0    Dex: 20    Spells: 11/11 levels left

rFire    . . .     SeeInvis +   a - +1 scimitar
rCold    . . .     Gourm    .   (shield restricted)
rNeg     + + +     Faith    .   (armour currently unavailable)
rPois    +         Spirit   .   (helmet currently unavailable)
rElec    .         Reflect  .   (cloak currently unavailable)
rCorr    .         Harm     .   (gloves currently unavailable)
MR       .....     NoTele   +   (boots currently unavailable)
Stlth    ..........             k - amulet of rage {+Rage, !d}
Regen    0.4/turn               z - ring of see invisible {sInv, !d}
MPRegen  0.2/turn               l - +3 ring of dexterity

@: berserking (expiring), lethally poisoned (-1 -> -110), tree-form, drained,
very quick
A: carnivore 3
a: Minor Destruction, Lesser Servant of Makhleb, Major Destruction, Renounce
Religion, Evoke Berserk Rage


You were on level 12 of the Dungeon.
You worshipped Makhleb.
Makhleb was greatly pleased with you.
You were not hungry.
You were a tree.
You visited 3 branches of the dungeon, and saw 14 of its levels.

You collected 1092 gold pieces.
You spent 401 gold pieces at shops.

Inventory:

Hand Weapons
 a - a +1 scimitar (weapon)
   (You took it off a goblin on level 4 of the Dungeon)
 b - a +0 blowgun
 c - a +3 hand crossbow
   (You found it on level 11 of the Dungeon)
 F - a +2 dagger of venom
   (You took it off an orc wizard on level 12 of the Dungeon)
Missiles
 e - 19 poisoned needles
 m - 261 stones
 y - 55 bolts
 H - a throwing net {=f, !d}
 P - 5 tomahawks (quivered)
 Z - 3 curare-tipped needles
Armour
 d - a +1 cloak (melded)
 n - a +2 helmet (melded)
   (You took it off Robin on level 3 of the Dungeon)
 J - a +0 scale mail
   (You found it on level 6 of the Dungeon)
 M - a +0 troll leather armour (melded) {regen}
   (You found it on level 10 of the Dungeon)
Magical Staves
 D - an uncursed staff of summoning {unknown}
   (You found it on level 5 of the Dungeon)
 Q - an uncursed staff of earth {unknown}
   (You found it on level 7 of the Dungeon)
Jewellery
 i - an uncursed ring of protection from cold {rC+, !d}
   (You found it on level 1 of the Dungeon)
 k - an amulet of rage (around neck) {+Rage, !d}
   (You found it on level 11 of the Dungeon)
 l - a +3 ring of dexterity (right branch)
   (You took it off a centaur on level 10 of the Dungeon)
 z - a ring of see invisible (left branch) {sInv, !d}
   (You bought it in a shop on level 8 of the Dungeon)
 N - an uncursed ring of ice {rC+, rF-}
   (You found it on level 8 of the Dungeon)
Wands
 f - a wand of disintegration (14/24)
   (You found it on level 7 of the Dungeon)
 o - a wand of digging (7/24)
   (You found it on level 5 of the Dungeon)
 r - a wand of polymorph (11/24)
   (You found it on level 6 of the Dungeon)
 t - a wand of acid (7/15)
   (You found it on level 7 of the Dungeon)
 w - a wand of confusion (13/48)
   (You took it off a crimson imp on level 11 of the Dungeon)
 I - a wand of lightning (4/15)
   (You found it on level 9 of the Dungeon)
 K - a wand of flame (16/48)
   (You found it on level 6 of the Dungeon)
 L - a wand of confusion (10/48)
   (You found it on level 6 of the Dungeon)
 R - a wand of random effects (13/48)
   (You found it on level 9 of the Dungeon)
Scrolls
 p - 2 scrolls of remove curse
 q - 4 scrolls of amnesia
 v - 3 scrolls of magic mapping {!r}
 A - 2 scrolls of enchant weapon
 G - 4 scrolls of teleportation
 T - a scroll of recharging {unknown}
 W - a scroll of silence {unknown}
 X - a scroll of torment {unknown}
Potions
 h - a potion of haste
 j - a potion of ambrosia
 s - 5 potions of curing
 u - a potion of might
 x - 4 potions of brilliance
 B - a potion of lignification {!q}
 C - a potion of flight
 V - a potion of invisibility {unknown}
 Y - a potion of cancellation {unknown}
Comestibles
 g - 10 meat rations
 E - 12 royal jellies


   Skills:
 + Level 12.9(12.6) Fighting
 - Level 8.2(11.7) Short Blades
 - Level 9.3(9.6) Long Blades
 - Level 2.0(1.8) Crossbows
 - Level 2.1(1.9) Throwing
 - Level 6.0(5.7) Dodging
 - Level 6.0(5.8) Stealth
 - Level 8.0(7.7) Invocations
 - Level 6.0(5.7) Evocations


You had 11 spell levels left.
You didn't know any spells.

Dungeon Overview and Level Annotations

Branches:
Dungeon (12/15)            Temple (1/1) D:4             Orc (1/2) D:10
   Lair: D:8-11

Altars:
Ashenzari
Cheibriados
Dithmenos
Elyvilon
Fedhas
Gozag
Hepliaklqana
Kikubaaqudgha
Makhleb
Nemelex Xobeh
Okawaru
Qazlal
Ru
Sif Muna
Trog
Uskayaw
Vehumet
Wu Jian
Xom
Yredelemnul
Zin
The Shining One
Jiyva

Shops:
D:5 ?   D:6 !*?   D:8 =   D:9 *   D:11 [

Annotations:
D:8 exclusion: 2 downstairs
D:9 !pack of 6? death yak in exclusion zone, exclusions: death yak, downstairs and 2 upstairs
D:10 exclusion: upstairs
D:11 exclusions: killer bee, two-headed ogre and 1 more exclusion
D:12 Harold
Orc:1 2 runed doors, exclusion: orange crystal statue


Innate Abilities, Weirdness & Mutations

You are small and have problems with some larger weapons.
You are carnivorous and can eat meat at any time.


Message History

The redback bites you!
The redback bites you but does no damage.
The redback barely misses you.
You hit the redback.
The redback is almost dead.
You feel sick. The redback bites you. The redback barely misses you.
You riposte.
You slash the redback!
The redback is moderately wounded.
The redback bites you.
The redback bites you but does no damage.
The redback bites you.
You are more poisoned.
The redback poisons you!
The redback bites you but does no damage. x2
You slice the redback!!
You kill the redback!
Makhleb accepts your kill.
You feel better.
You feel very sick. The redback bites you. x2
The redback bites you but does no damage.
The redback bites you.
The redback bites you but does no damage. x2
You closely miss the redback.
The redback is moderately wounded.
You feel sick.
The redback bites you but does no damage.
The redback bites you!
You are more poisoned.
The redback poisons you!
The redback bites you but does no damage. x4
You slash the redback!
The redback is severely wounded.
You feel very sick.
The redback bites you but does no damage. x5
The redback barely misses you.
You hit the redback.
The redback is severely wounded.
You feel very sick. The redback barely misses you.
The redback bites you but does no damage. x5
You slash the redback!
The redback is almost dead.
You feel very sick.
The redback bites you but does no damage. x4
The redback bites you.
The redback bites you but does no damage.
You slash the redback!
You kill the redback!
Makhleb accepts your kill.
You feel better.
You feel very sick.
The redback bites you but does no damage.
The redback bites you.
You barely miss the redback.
You feel very sick. The redback bites you!
The redback bites you but does no damage. x2
You barely miss the redback.
You feel very sick.
The redback bites you but does no damage. x2
The redback bites you!
You are lethally poisoned!
The redback poisons you!
The redback bites you but does no damage.
The redback barely misses you.
You riposte.
You closely miss the redback. The redback bites you!
* * * LOW HITPOINT WARNING * * *
You barely miss the redback.
* * * LOW HITPOINT WARNING * * *
You feel very sick. The redback bites you.
* * * LOW HITPOINT WARNING * * *
The redback bites you but does no damage. x2
The redback barely misses you.
You slash the redback!
The redback is severely wounded.
* * * LOW HITPOINT WARNING * * *
You feel very sick. The redback barely misses you. x2
The redback bites you but does no damage. x4
You barely miss the redback.
The redback is severely wounded.
* * * LOW HITPOINT WARNING * * *
You feel very sick.
The redback bites you but does no damage.
The redback bites you.
* * * LOW HITPOINT WARNING * * *
You are more poisoned.
The redback poisons you! The redback bites you.
* * * LOW HITPOINT WARNING * * *
The redback bites you.
* * * LOW HITPOINT WARNING * * *
You closely miss the redback.
The redback is heavily wounded.
* * * LOW HITPOINT WARNING * * *
You feel very sick.
The redback bites you but does no damage.
The redback bites you!
You die...

....... ..## ####.....
..#.###...+..... ..#.......#.....
######## #..#.......#.....
.....>.# #####..+.......+.....
.......#...........#.......###.†.
.......#......#s.s...........#...
####...#......#†♣†...........#...
#...#......#sss..........)#...
#...#......#..............#...
#...#......#..............'...
#...#......#.........<....#...
#...'.....................#...
#...#......+..............#...
####...#.......#.............#...
.......#.......#.............#...


You could see 5 redbacks.

Vanquished Creatures
  A hydra (D:8)
  2 two-headed ogres
  3 unseen horrors
  An orc sorcerer (Orc:1)
  An ugly thing (D:11)
  Psyche (D:11)
  The ghost of moogleknight the Shooter, an amateur CeHu (D:3)
  2 trolls
  2 dream sheep
  A hippogriff (D:11)
  Sigmund (D:2)
  3 redbacks (D:12)
  A wyvern (D:7)
  14 yaks
  A vampire (D:10)
  A hungry ghost (D:10)
  2 wraiths (D:12)
  Duvessa (D:6)
  7 orc warriors
  3 sky beasts
  2 ice beasts
  4 ogres
  2 black bears (D:8)
  A phantom (D:7)
  5 centaurs
  An eye of draining (D:11)
  4 big kobolds
  3 gnoll sergeants
  12 bullfrogs
  Dowan (D:6)
  2 scorpions
  5 wights (D:11)
  6 howler monkeys
  9 crimson imps
  A bullfrog zombie (D:5)
  3 centaur zombies
  5 jellies
  7 orc priests
  7 hounds
  4 bullfrog skeletons
  2 centaur skeletons
  3 iguanas
  11 orc wizards
  9 worker ants
  A killer bee zombie (D:8)
  2 hound zombies
  2 howler monkey zombies (D:6)
  A worker ant zombie (D:8)
  Robin (D:3)
  12 gnolls
  2 howler monkey skeletons
  16 adders
  3 shadow imps
  3 oozes
  4 worms
  4 dart slugs
  7 leopard geckos
  50 orcs
  A ball python (D:1)
  6 bats
  2 bat zombies (D:2)
  10 giant cockroaches
  19 goblins
  12 hobgoblins
  14 jackals
  7 quokkas
  12 frilled lizards
  A jackal skeleton (D:4)
  13 kobolds
  A leopard gecko skeleton (D:4)
  2 quokka skeletons
  27 rats
  A rat zombie (D:2)
  A plant (D:9)
395 creatures vanquished.

Vanquished Creatures (collateral kills)
  An orc knight (Orc:1)
  A deep elf mage (D:10)
  2 orc sorcerers (Orc:1)
  A manticore (D:11)
  A gargoyle (D:10)
  5 yaks
  A wyvern (D:10)
  A black bear (D:7)
  An ogre (D:8)
  A centaur (D:10)
  2 big kobolds (D:10)
  A hound (D:10)
  An iguana (D:10)
  A gnoll (D:10)
  3 orcs (Orc:1)
23 creatures vanquished.

Vanquished Creatures (others)
  A sky beast (D:10)
1 creature vanquished.

Grand Total: 419 creatures vanquished

Notes
Turn   | Place    | Note
-------+----------+-------------------------------------------
     0 | D:1      | JIHADGIANT the Kobold Assassin began the quest for the Orb.
     0 | D:1      | Reached XP level 1. HP: 12/12 MP: 1/1
    90 | D:1      | Reached skill level 3 in Short Blades
   213 | D:1      | Reached XP level 2. HP: 17/18 MP: 2/2
   699 | D:1      | Reached XP level 3. HP: 22/22 MP: 3/3
   802 | D:1      | Reached skill level 3 in Fighting
  1283 | D:1      | Reached XP level 4. HP: 26/28 MP: 4/4
  1641 | D:1      | Reached skill level 4 in Short Blades
  2133 | D:2      | Noticed Sigmund
  2399 | D:2      | Reached skill level 4 in Fighting
  2417 | D:2      | Found an ancient bone altar of Kikubaaqudgha.
  2885 | D:3      | Reached XP level 5. HP: 22/33 MP: 5/5
  3146 | D:3      | Noticed an ice beast
  3318 | D:3      | Noticed moogleknight's ghost (amateur CeHu)
  3618 | D:4      | Reached skill level 5 in Short Blades
  3763 | D:4      | Found a shattered altar of Ashenzari.
  3788 | D:4      | Noticed Robin
  4076 | D:3      | Killed Robin
  4076 | D:3      | Reached XP level 6. HP: 20/39 MP: 6/6
  4230 | D:4      | Reached skill level 6 in Stealth
  4455 | D:4      | Found a staircase to the Ecumenical Temple.
  4461 | Temple   | Entered the Ecumenical Temple
  4562 | D:4      | Reached skill level 5 in Fighting
  4920 | D:4      | Reached skill level 6 in Short Blades
  5688 | D:5      | Entered Level 5 of the Dungeon
  5688 | D:5      | Found a burning altar of Makhleb.
  5735 | D:5      | Reached XP level 7. HP: 44/44 MP: 7/7
  5833 | D:5      | Found a glowing golden altar of the Shining One.
  6182 | D:5      | Found a shadowy altar of Dithmenos.
  6371 | D:5      | Reached skill level 6 in Fighting
  6371 | D:5      | Reached skill level 7 in Short Blades
  6809 | D:5      | Reached XP level 8. HP: 17/52 MP: 8/8
  7063 | D:5      | Found Sauma's Magic Scroll Shop.
  7071 | D:5      | Bought a scroll of fear for 42 gold pieces
  7071 | D:5      | Bought a scroll of blinking for 90 gold pieces
  7306 | D:5      | Became a worshipper of Makhleb the Destroyer
  7359 | D:6      | Reached skill level 1 in Invocations
  7374 | D:6      | Found an iron altar of Okawaru.
  7406 | D:6      | Found Hotzax's General Store.
  7421 | D:6      | Found a shimmering altar of Xom.
  7455 | D:6      | Found Wiesiot's Distillery.
  7795 | D:5      | Reached skill level 7 in Fighting
  7795 | D:5      | Reached skill level 8 in Short Blades
  7795 | D:5      | Reached skill level 2 in Invocations
  8261 | D:6      | Upgraded the game from 0.20-a0-1108-g6ae5986 to 0.20-a0-1116-gaa52201
  8323 | D:6      | Noticed Dowan
  8354 | D:6      | Found Ruci's Magic Scroll Boutique.
  8378 | D:6      | Bought a scroll of teleportation for 30 gold pieces
  8723 | D:6      | Reached skill level 1 in Long Blades
  8773 | D:6      | Noticed Duvessa
  9082 | D:5      | Reached skill level 3 in Invocations
  9555 | D:6      | Found a snail-covered altar of Cheibriados.
  9779 | D:6      | Reached skill level 2 in Long Blades
  9779 | D:6      | Reached XP level 9. HP: 59/59 MP: 11/11
  9798 | D:6      | Reached skill level 8 in Fighting
  9798 | D:6      | Reached skill level 4 in Invocations
 10104 | D:6      | Found a white marble altar of Elyvilon.
 10192 | D:6      | Killed Dowan
 10251 | D:6      | Killed Duvessa
 10335 | D:6      | Reached * piety under Makhleb
 10346 | D:6      | Reached skill level 3 in Long Blades
 10514 | D:6      | Bought a scroll of identify for 20 gold pieces
 10730 | D:7      | Found an ornate altar of the Wu Jian Council.
 10749 | D:7      | Reached skill level 5 in Invocations
 11249 | D:7      | Reached skill level 9 in Fighting
 11467 | D:7      | Reached skill level 4 in Long Blades
 12055 | D:5      | Bought a scroll of identify for 24 gold pieces
 12438 | D:3      | Reached ** piety under Makhleb
 12667 | D:3      | Reached XP level 10. HP: 67/67 MP: 13/13
 13173 | D:2      | Killed Sigmund
 13240 | D:2      | Found a sparkling altar of Nemelex Xobeh.
 13344 | D:3      | Killed moogleknight's ghost
 13344 | D:3      | Reached skill level 10 in Fighting
 13344 | D:3      | Reached skill level 5 in Long Blades
 13834 | D:8      | Found a sacrificial altar of Ru.
 13971 | D:8      | Found Simel's Jewellery Boutique.
 14041 | D:8      | Noticed a two-headed ogre
 14686 | D:8      | Reached skill level 6 in Long Blades
 15259 | D:8      | Reached skill level 11 in Fighting
 15290 | D:8      | Killed a two-headed ogre
 15402 | D:8      | Noticed a three-headed hydra
 15425 | D:8      | Killed a three-headed hydra
 15425 | D:8      | Reached skill level 7 in Long Blades
 15425 | D:8      | Reached XP level 11. HP: 76/76 MP: 14/14
 15506 | D:9      | Noticed a death yak
 15558 | D:9      | Found a blossoming altar of Fedhas.
 15565 | D:9      | Reached *** piety under Makhleb
 15839 | D:9      | Found a glowing golden altar of the Shining One.
 15861 | D:9      | Found a hazy altar of Hepliaklqana.
 15863 | D:9      | Found an opulent altar of Gozag.
 15946 | D:9      | Noticed a death yak
 15946 | D:9      | Noticed a death yak
 15946 | D:9      | Noticed a death yak
 15946 | D:9      | Noticed a death yak
 16364 | D:8      | Reached skill level 12 in Fighting
 16536 | D:9      | Found Biczauj's General Store.
 16564 | D:9      | Reached skill level 6 in Invocations
 17007 | D:9      | Found a bloodstained altar of Trog.
 17037 | D:10     | Entered Level 10 of the Dungeon
 17037 | D:10     | Noticed a two-headed ogre
 17265 | D:10     | Reached skill level 8 in Long Blades
 17347 | D:10     | Killed a two-headed ogre
 17347 | D:10     | Reached skill level 2 in Dodging
 17434 | D:10     | Reached skill level 3 in Dodging
 17546 | D:10     | Noticed a deep elf mage
 17847 | D:9      | Noticed a death yak
 18119 | D:10     | Reached skill level 7 in Invocations
 18280 | D:10     | Reached **** piety under Makhleb
 18468 | D:10     | Found a staircase to the Orcish Mines.
 18650 | D:10     | Killed a deep elf mage
 19012 | D:10     | Reached skill level 4 in Dodging
 19012 | D:10     | Reached XP level 12. HP: 82/82 MP: 17/17
 19044 | D:11     | Found Taobbud's Armour Shop.
 19333 | D:11     | Killed an unseen horror
 19333 | D:11     | Reached skill level 1 in Crossbows
 19440 | D:10     | Reached skill level 2 in Crossbows
 19456 | Orc:1    | Entered Level 1 of the Orcish Mines
 19774 | Orc:1    | Noticed a two-headed ogre
 19896 | Orc:1    | Paralysed by an orc sorcerer for 6 turns
 19933 | Orc:1    | HP: 9/82 [orc knight/war axe (16)]
 19944 | Orc:1    | Reached skill level 1 in Evocations
 19947 | Orc:1    | Reached skill level 2 in Evocations
 20192 | Orc:1    | Found a runed door.
 20210 | Orc:1    | Found a runed door.
 20531 | D:10     | Reached skill level 3 in Evocations
 20873 | D:8      | Bought an uncursed ring of see invisible for 195 gold pieces
 20963 | D:11     | Reached skill level 4 in Evocations
 21041 | D:11     | Noticed an unseen horror
 21059 | D:11     | Killed an unseen horror
 21059 | D:11     | Reached skill level 5 in Evocations
 21330 | D:11     | Reached skill level 6 in Evocations
 21694 | D:11     | Noticed a two-headed ogre
 21916 | D:12     | Noticed Psyche
 21928 | D:11     | Killed Psyche
 21928 | D:11     | Reached skill level 9 in Long Blades
 21928 | D:11     | Reached skill level 5 in Dodging
 21949 | D:12     | Reached skill level 8 in Invocations
 21983 | D:12     | Noticed Harold
 22109 | D:12     | Noticed an unseen horror
 22139 | D:12     | Killed an unseen horror
 22725 | D:12     | Reached skill level 6 in Dodging
 22826 | D:12     | JIHADGIANT: ??lignification
 22826 | D:12     | beem: potion of lignification[1/2]: Causes temporary uncancellable (but cancellationable!) {tree form}.
 22826 | D:12     | JIHADGIANT: ??tree form
 22826 | D:12     | beem: tree form[1/3]: Immobile form with -Tele, +50% HP, 20 + XL/2 AC, minimal EV, rN+++, rPois, torment immunity, and gives +12 base UC damage. Unlike statue form, tree form does NOT give rot or poison immunity.
 22826 | D:12     | JIHADGIANT: ??treeform [2]
 22826 | D:12     | beem: treeform ~ tree form[2/3]: !lg tlatlagkaus xl=27 oghu 1 -tv
 22826 | D:12     | JIHADGIANT: ??treeform [3]
 22826 | D:12     | beem: treeform ~ tree form[3/3]: !lg cerealjynx xl=27 mimo 3 -tv
 22826 | D:12     | Ultraviolent4: rofl traps
 22826 | D:12     | Ultraviolent4: so fair and balanced EleGiggle
 22826 | D:12     | JIHADGIANT: yeah
 22827 | D:12     | JIHADGIANT: angry treeeeee
 22843 | D:12     | HP: 45/184 [poisoned by a redback]
 22845 | D:12     | HP: 19/184 [redback (6)]
 22846 | D:12     | HP: 8/184 [poisoned by a redback]
 22846 | D:12     | Slain by a redback

Vault maps used:
D:1:      minmay_arrival_cross
D:2:      minmay_kobold_bridge, marbit_many_paths,
          lemuel_zombie_altar_kikubaaqudgha, uniq_sigmund
D:3:      wad_river_or_something, minmay_crystal_room, minmay_rat_hole
D:4:      minmay_temple_entry_enclosed_plants, minivault_4,
          kennysheep_cross_bottleneck, nicolae_ashenzari_panopticon, uniq_robin
D:5:      kennysheep_mini_moat, overflow_temple_1_default, first_bread,
          serial_shops, nicolae_shop_waterfront, basic_altar,
          eino_small_chamber_without_monster
D:6:      kennysheep_slug_shrine, elyvilon_altar_3, lemuel_crystal_altar,
          basic_altar, serial_shops, nicolae_shop_competitors_out_of_business,
          nicolae_shop_trees, shop_fountains, uniq_duvessa
D:7:      kennysheep_little_box, serial_glass, glass_columns_a, glass_columns_b,
          glass_columns_b, glass_columns_a, glass_columns_c, glass_columns_c,
          glass_columns_c, glass_columns_c, glass_columns_b, glass_columns_b,
          item_on_display_a, due_unseen_surprise, feat_on_display
D:8:      serial_shops, nicolae_shop_crystal, hangedman_ranch,
          hangedman_ru_absence
D:9:      minmay_goldmine, lightli_temple_of_fire, fedhas_altar_1, minitemple,
          dpeg_lair_monsters, serial_shops, nicolae_shop_crystal
D:10:     kennysheep_orc_monster_closet_entryway, grunt_tough_drop
D:11:     serial_shops, shop
D:12:     spider_trap, uniq_psyche, uniq_harold
Temple:   pf_slimified_temple
Orc:1:    chequers_guarded_unrand_ignorance

Skill      XL: |  1  2  3  4  5  6  7  8  9 10 11 12 |
---------------+-------------------------------------+-----
Short Blades   | 3 4 5 6 7 8 |  8.2
Fighting       | 3 4 5 6 7 9 11 12 | 12.9
Stealth        | 6 |  6.0
Invocations    | 3 5 7 8 |  8.0
Long Blades    | 2 4 7 8 9 |  9.3
Dodging        | 4 6 |  6.0
Crossbows      | 2 |  2.0
Evocations     | 6 |  6.0
Throwing       | |  2.1

Action                   |  1- 3 |  4- 6 |  7- 9 | 10-12 || total
-------------------------+-------+-------+-------+-------++-------
Melee: Dagger            |   111 |   270 |   314 |    19 ||   714
       Scimitar          |       |       |   269 |   733 ||  1002
       Blowgun           |       |       |       |     1 ||     1
 Fire: Blowgun           |     9 |    36 |    80 |   100 ||   225
Throw: Stone             |     1 |    16 |    44 |     9 ||    70
       Tomahawk          |       |       |       |     6 ||     6
Invok: Minor Destruction |       |       |       |     5 ||     5
       Lesser Servant of |       |       |       |    11 ||    11
       Major Destruction |       |       |       |     4 ||     4
 Abil: Evoke Berserk Rag |       |       |       |     6 ||     6
Evoke: Wand              |       |       |     7 |    16 ||    23
  Use: Scroll            |       |    10 |    14 |     7 ||    31
       Potion            |       |       |     3 |     4 ||     7
 Stab: Sleeping          |     8 |    12 |    14 |    15 ||    49
       Distracted        |       |     1 |     3 |     4 ||     8
       Confused          |       |       |       |     2 ||     2
  Eat: Chunk             |    10 |    13 |    23 |    38 ||    84
       Royal jelly       |       |       |       |     2 ||     2
Armor: Robe              |    14 |     2 |       |       ||    16
       Leather armour    |       |    33 |       |       ||    33
       Ring mail         |       |    15 |   171 |    23 ||   209
       Scale mail        |       |       |       |   163 ||   163
       Skin              |       |       |       |    76 ||    76
       Troll leather arm |       |       |       |    68 ||    68
Dodge: Dodged            |    57 |   185 |   263 |   455 ||   960
       Rpst.: Scimitar   |       |       |    58 |   117 ||   175

Vault maps used:
D:1:      minmay_arrival_cross
D:2:      minmay_kobold_bridge, marbit_many_paths,
          lemuel_zombie_altar_kikubaaqudgha, uniq_sigmund
D:3:      wad_river_or_something, minmay_crystal_room, minmay_rat_hole
D:4:      minmay_temple_entry_enclosed_plants, minivault_4,
          kennysheep_cross_bottleneck, nicolae_ashenzari_panopticon, uniq_robin
D:5:      kennysheep_mini_moat, overflow_temple_1_default, first_bread,
          serial_shops, nicolae_shop_waterfront, basic_altar,
          eino_small_chamber_without_monster
D:6:      kennysheep_slug_shrine, elyvilon_altar_3, lemuel_crystal_altar,
          basic_altar, serial_shops, nicolae_shop_competitors_out_of_business,
          nicolae_shop_trees, shop_fountains, uniq_duvessa
D:7:      kennysheep_little_box, serial_glass, glass_columns_a, glass_columns_b,
          glass_columns_b, glass_columns_a, glass_columns_c, glass_columns_c,
          glass_columns_c, glass_columns_c, glass_columns_b, glass_columns_b,
          item_on_display_a, due_unseen_surprise, feat_on_display
D:8:      serial_shops, nicolae_shop_crystal, hangedman_ranch,
          hangedman_ru_absence
D:9:      minmay_goldmine, lightli_temple_of_fire, fedhas_altar_1, minitemple,
          dpeg_lair_monsters, serial_shops, nicolae_shop_crystal
D:10:     kennysheep_orc_monster_closet_entryway, grunt_tough_drop
D:11:     serial_shops, shop
D:12:     spider_trap, uniq_psyche, uniq_harold
Temple:   pf_slimified_temple
Orc:1:    chequers_guarded_unrand_ignorance

Table legend:
 A = Turns spent in this place as a percentage of turns spent in the entire game.
 B = Non-inter-level travel turns spent in this place as a percentage of non-inter-level travel turns spent in the entire game.
 C = Inter-level travel turns spent in this place as a percentage of turns spent in this place.
 D = Turns resting spent in this place as a percentage of non-inter-level travel turns spent in this place.
 E = Turns spent auto-exploring this place as a percentage of non-inter-level travel turns spent in this place.
 F = Non-inter-level travel turns spent in this place divided by the number of levels of this place that you've seen.
                   A       B       C       D       E      F
               +-------+-------+-------+-------+-------+----------------------
         Total | 100.0 | 100.0 |   0.6 |   1.4 |   0.7 | 938.4
       Dungeon |  94.0 |  94.0 |   0.6 |   1.5 |   0.7 | 1029.0
        Temple |   0.5 |   0.5 |   0.0 |   0.0 |   0.0 |  63.0
  Orcish Mines |   5.5 |   5.5 |   0.0 |   0.3 |   0.0 | 726.0
               +-------+-------+-------+-------+-------+----------------------

Table legend:
 A = Kills in this place as a percentage of kills in entire the game.
 B = Kills by you in this place as a percentage of kills by you in the entire game.
 C = Kills by friends in this place as a percentage of kills by friends in the entire game.
 D = Other kills in this place as a percentage of other kills in the entire game.
 E = Experience gained in this place as a percentage of experience gained in the entire game.
 F = Experience gained in this place divided by the number of levels of this place that you have seen.
                   A       B       C       D       E      F
               +-------+-------+-------+-------+-------+----------------------
         Total | 100.0 | 100.0 | 100.0 | 100.0 | 100.0 | 1825.7
       Dungeon |  96.9 |  98.2 |  73.9 | 100.0 |  92.6 | 1971.9
  Orcish Mines |   3.1 |   1.8 |  26.1 |   0.0 |   7.4 | 1897.0
               +-------+-------+-------+-------+-------+----------------------
